 Dungeon Crawl Stone Soup version 0.26-a0-639-g72c4674329 (webtiles) character file.

Game seed: 14077064224273644833

(classic levelgen) 2218 EnegeticOcto the Cleaver (level 9, -3/81 HPs)
             Began as a Deep Dwarf Fighter on Sept 28, 2020.
             Was an Initiate of Makhleb.
             Slain by a two-headed ogre
             ... wielding a +0 giant club
              (18 damage)
             ... on level 7 of the Dungeon.
             The game lasted 00:02:54 (2976 turns).

EnegeticOcto the Cleaver (Deep Dwarf Fighter)       Turns: 2976, Time: 00:02:54

Health: -3/81      AC: 14    Str: 22    XL:     9   Next: 13%
Magic:  4/4        EV:  5    Int: 10    God:    Makhleb [......]
Gold:   326        SH: 12    Dex: 12    Spells: 8/8 levels left

rFire    . . .     SeeInvis .   a - +1 war axe
rCold    . . .     Faith    .   c - +1 kite shield
rNeg     . . .     Spirit   .   w - +0 plate armour
rPois    .         Reflect  .   (no helmet)
rElec    .         Harm     +   n - scarf {harm}
rCorr    .         Rampage  .   m - +0 pair of gloves
MR       +....                  (no boots)
Stlth    ..........             (no amulet)
HPRegen  0.00/turn              (no ring)
MPRegen  0.09/turn              (no ring)

@: non-regenerating
A: damage resistance, heal wounds, sense surroundings 2, no regeneration
a: Heal Wounds, Renounce Religion


You were on level 7 of the Dungeon.
You worshipped Makhleb.
Makhleb was noncommittal.
You visited 2 branches of the dungeon, and saw 8 of its levels.
You also visited: Ossuary.

You collected 326 gold pieces.

Inventory:

Hand Weapons
 a - a +1 war axe (weapon)
Missiles
 h - a throwing net (quivered)
Armour
 c - a +1 kite shield (worn)
 m - a +0 pair of gloves (worn)
 n - a scarf of harm (worn)
 w - a +0 plate armour (worn)
Jewellery
 i - an uncursed ring of fire
Wands
 y - a wand of polymorph (7)
Scrolls
 e - 4 scrolls of remove curse {@r2}
 f - 4 scrolls of teleportation {@r3}
 k - a scroll of magic mapping {unknown}
 l - a scroll of enchant armour
 s - a scroll of enchant weapon
Potions
 b - a potion of flight {unknown}
 d - 3 potions of might {@q3}
 g - 2 potions of stabbing {@q5}
 j - 4 potions of curing {@q1}
 o - 2 potions of cancellation
 p - 3 potions of heal wounds {@q2}
 r - 2 potions of ambrosia
 t - 3 potions of mutation
 z - a potion of magic


   Skills:
 + Level 5.5 Fighting
 * Level 8.6 Axes
 + Level 6.7 Armour
 + Level 6.7 Shields
 + Level 2.4 Invocations


You had 8 spell levels left.
You didn't know any spells.
Your spell library was empty.

Dungeon Overview and Level Annotations

Branches:
Dungeon (7/15)             Temple (1/1) D:6         Ossuary (visited)

Altars:
Ashenzari
Dithmenos
Elyvilon
Fedhas
Gozag
Hepliaklqana
Kikubaaqudgha
Makhleb
Nemelex Xobeh
Okawaru
Qazlal
Ru
Sif Muna
Trog
Uskayaw
Wu Jian
Xom
Yredelemnul
The Shining One


Innate Abilities, Weirdness & Mutations

You are resistant to damage.
You can heal yourself by infusing magical energy.
You passively map the area around you.
You do not regenerate.


Message History

a jackal corpse; a jackal corpse
f - 2 scrolls of teleportation {@r3} (gained 1)
You now have 326 gold pieces (gained 13).
b - a bubbling green potion
d - 3 potions of might {@q3} (gained 2)
f - 3 scrolls of teleportation {@r3} (gained 1)
Found a pair of boots.
No target in view!
f - 4 scrolls of teleportation {@r3} (gained 1)
k - a scroll labeled IBONIU RIGYCKU No target in view!
No target in view!
No target in view!
No target in view!
No target in view!
No target in view!
No target in view!
No target in view!
No target in view!
No target in view!
No target in view!
No target in view!
You see here a pair of boots.
An iguana and a two-headed ogre come into view.
The two-headed ogre shouts in stereo!
There are monsters nearby!
There are monsters nearby!
An orc comes into view.
Found 10 gold pieces.
An orc comes into view. It is wielding a +0 falchion.
The two-headed ogre hits you with a +0 giant club! x2
An orc comes into view. It is wielding a +0 mace.
You block the iguana's attack.
You hit the two-headed ogre.
The two-headed ogre is lightly wounded.
You closely miss the iguana.
You block the two-headed ogre's attack. x2
The iguana bites you but does no damage.
You slash the two-headed ogre!
The two-headed ogre is heavily wounded.
You barely miss the iguana.
The iguana bites you but does no damage.
The two-headed ogre hits you with a +0 giant club.
The two-headed ogre hits you but does no damage.
You barely miss the two-headed ogre.
The two-headed ogre is heavily wounded.
You hit the iguana.
The iguana bites you but does no damage.
The two-headed ogre hits you with a +0 giant club.
The two-headed ogre hits you but does no damage.
You completely miss the two-headed ogre.
The two-headed ogre is heavily wounded.
You hit the iguana but do no damage. The iguana barely misses you.
You block the two-headed ogre's attack. x2; The iguana bites you.
You slash the two-headed ogre!
The two-headed ogre is severely wounded.
Your shield prevents you from hitting the orc.
Your shield and plate armour prevent you from hitting the iguana.
The orc hits you but does no damage.
The iguana bites you but does no damage.
You block the two-headed ogre's attack. x2
You closely miss the two-headed ogre.
The two-headed ogre is heavily wounded.
You closely miss the orc. You hit the iguana. You slash the orc!
You kill the orc!
Makhleb accepts your kill. You block the orc's attack.
You block the iguana's attack.
You closely miss the two-headed ogre.
The two-headed ogre is heavily wounded.
You hit the iguana but do no damage. You hit the orc.
You block the two-headed ogre's attack.
The two-headed ogre hits you with a +0 giant club!
You block the orc's attack. The iguana barely misses you.
You slash the two-headed ogre!
The two-headed ogre is almost dead.
You hit the iguana but do no damage. You barely miss the orc.
The two-headed ogre hits you with a +0 giant club!!
* * * LOW HITPOINT WARNING * * *
You block the two-headed ogre's attack.
The iguana bites you but does no damage.
You are too injured to fight recklessly!
You are too injured to fight recklessly!
You are too injured to fight recklessly!
You are too injured to fight recklessly!
You are too injured to fight recklessly!
You are too injured to fight recklessly!
You are too injured to fight recklessly!
You are too injured to fight recklessly!
You are too injured to fight recklessly!
You are too injured to fight recklessly!
You are too injured to fight recklessly!
You are too injured to fight recklessly!
You are too injured to fight recklessly!
You are too injured to fight recklessly!
You are too injured to fight recklessly!
You are too injured to fight recklessly!
You are too injured to fight recklessly!
You fail to use your ability.
You block the orc's attack. You block the iguana's attack.
The two-headed ogre hits you with a +0 giant club!!
You die...

.....#.........#, , * ,
,,, .....#.........# , ,
,, , .....#.........+ , ,
, .....#.........#, * ,,
,
##+###.........#+##+####*
,,
##.#........[...........
, ,
..<#....................
,
...#............ol......*
,
...#............@o......
,
...#.............O.$....
, ,,
...#..................$.
* *
...#....................*
...#....................
####....................
..........####+#........
.[........# #........
..........# ,* , *


You could see a two-headed ogre, an iguana and 2 orcs.

Vanquished Creatures
  Duvessa (D:4)
  2 sky beasts
  2 orc warriors (D:6)
  2 ogres
  4 centaurs
  Blork the orc (D:4)
  An elf zombie (Ossuary)
  A bullfrog (D:6)
  Dowan (D:4)
  A water moccasin zombie (D:6)
  A water moccasin skeleton (D:6)
  A scorpion (D:6)
  2 orc priests
  3 centaur zombies
  3 human zombies (Ossuary)
  3 hounds
  2 bullfrog skeletons
  3 iguanas
  Terence (D:3)
  4 orc wizards (D:6)
  3 worker ants
  2 mummies (Ossuary)
  An adder (D:3)
  A shadow imp (D:5)
  A white imp (D:6)
  3 ufetubi
  An adder zombie (Ossuary)
  4 dart slugs
  3 leopard geckos
  11 orcs
  5 giant cockroaches
  3 goblins
  2 hobgoblins
  8 jackals
  4 quokkas
  2 ball pythons
  2 frilled lizards
  A goblin zombie (Ossuary)
  9 hobgoblin zombies (Ossuary)
  3 jackal zombies (Ossuary)
  5 kobolds
  8 kobold zombies (Ossuary)
  9 orc zombies (Ossuary)
  A quokka skeleton (D:7)
  3 rats (D:1)
134 creatures vanquished.

Vanquished Creatures (others)
  An orc wizard (D:6)
1 creature vanquished.

Grand Total: 135 creatures vanquished

Notes
Turn   | Place    | Note
-------+----------+-------------------------------------------
     0 | D:1      | EnegeticOcto the Deep Dwarf Fighter began the quest for the
                  | Orb.
     0 | D:1      | Reached XP level 1. HP: 20/20 MP: 1/1
    62 | D:1      | Reached XP level 2. HP: 24/27 MP: 2/2
   273 | D:3      | Reached skill level 3 in Axes
   273 | D:3      | Reached XP level 3. HP: 16/34 MP: 3/3
   275 | D:3      | Noticed Terence
   290 | D:3      | Killed Terence
   290 | D:3      | Reached XP level 4. HP: 41/42 MP: 3/3
   610 | D:4      | Reached skill level 4 in Axes
   610 | D:4      | Reached XP level 5. HP: 48/49 MP: 4/4
   645 | D:5      | Entered Level 5 of the Dungeon
   719 | D:5      | Noticed an ogre
   725 | D:5      | Killed an ogre
   725 | D:5      | Reached XP level 6. HP: 28/56 MP: 5/5
   946 | D:5      | Found a sand-covered staircase.
   951 | D:5      | Reached skill level 5 in Axes
   961 | Ossuary  | Entered an ossuary
  1037 | Ossuary  | Reached XP level 7. HP: 54/64 MP: 5/5
  1040 | Ossuary  | Reached skill level 5 in Armour
  1040 | Ossuary  | Reached skill level 5 in Shields
  1247 | D:4      | Noticed Blork the orc
  1266 | D:4      | Killed Blork the orc
  1266 | D:4      | Reached skill level 6 in Axes
  1418 | D:4      | Noticed Duvessa
  1418 | D:4      | Noticed Dowan
  1427 | D:4      | Killed Duvessa
  1427 | D:4      | Killed Dowan
  1692 | D:5      | Reached XP level 8. HP: 34/73 MP: 6/6
  2057 | D:6      | Reached skill level 7 in Axes
  2096 | D:6      | Reached skill level 5 in Fighting
  2186 | D:6      | Found a staircase to the Ecumenical Temple.
  2195 | Temple   | Entered the Ecumenical Temple
  2292 | Temple   | Became a worshipper of Makhleb the Destroyer
  2418 | D:6      | Reached skill level 8 in Axes
  2434 | D:6      | Reached skill level 1 in Invocations
  2510 | D:6      | Gained mutation: You passively map the area around you.
                  | [Deep Dwarf growth]
  2510 | D:6      | Reached XP level 9. HP: 44/81 MP: 4/4
  2665 | D:6      | Found an ornate altar of the Wu Jian Council.
  2668 | D:6      | Found a basalt altar of Yredelemnul.
  2964 | D:7      | Noticed a two-headed ogre
  2976 | D:7      | Slain by a two-headed ogre

Illustrated notes

Levels and vault maps discovered:
D:1:      lightli_arrival_noodles, layout_rooms, minmay_tripent
D:2:      layout_basic, lemuel_doored_altar, uniq_crazy_yiuf_cottage
D:3:      layout_loops_cross, uniq_terence, uniq_grinder
D:4:      layout_loops_cross, uniq_blork_the_orc, uniq_duvessa
D:5:      layout_loops_ring, enter_ossuary_3
D:6:      layout_basic, gammafunk_temple_overflow_pools, temple_green
D:7:      layout_gridville, zin_treasury, kennysheep_generic_room_5
Temple:   minmay_temple_bridge_d

Skill      XL: |  1  2  3  4  5  6  7  8  9 |
---------------+----------------------------+-----
Fighting       | 3 4 5 |  5.5
Axes           | 3 4 5 6 8 |  8.6
Armour         | 4 5 6 |  6.7
Shields        | 4 5 6 |  6.7
Invocations    | 1 2 |  2.4

Action                   |  1- 3 |  4- 6 |  7- 9 || total
-------------------------+-------+-------+-------++-------
Melee: War axe           |    59 |   131 |   216 ||   406
 Abil: Heal Wounds       |     1 |     2 |    12 ||    15
  Use: Scroll            |       |     8 |     9 ||    17
Armor: Scale mail        |    35 |       |       ||    35
       Chain mail        |       |    97 |    85 ||   182
       Plate armour      |       |       |    54 ||    54
Dodge: Dodged            |    15 |    45 |    48 ||   108
Block: Kite shield       |    28 |    96 |   137 ||   261

Table legend: (Time is in decaauts)
 A = Elapsed time spent in this place.
 B = Non-inter-level travel time spent in this place.
 C = Inter-level travel time spent in this place.
 D = Time resting spent in this place.
 E = Time spent auto-exploring this place.
 F = Levels seen in this place.
 G = Mean time per level.
                   A        B        C        D        E       F      G
               +--------+--------+--------+--------+--------+-----+--------+
         Total |   3088 |   2777 |    311 |     18 |   1842 |   9 |  343.1 |
       Dungeon |   2718 |   2508 |    210 |     18 |   1675 |   7 |  388.3 |
        Temple |    169 |     69 |    100 |      0 |     67 |   1 |  169.0 |
       Ossuary |    200 |    200 |      0 |      0 |    100 |   1 |  200.0 |
               +--------+--------+--------+--------+--------+-----+--------+

Top non-repeatable levels by time:
     D:5: 787 daAuts
     D:6: 591 daAuts
     D:4: 554 daAuts
     D:3: 346 daAuts
 Ossuary: 200 daAuts
     D:7: 187 daAuts
     D:1: 176 daAuts
  Temple: 169 daAuts
     D:2: 75 daAuts
